 Dungeon Crawl Stone Soup version 0.25-a0-448-g1f46b9f (webtiles) character file.

Game seed: 11496356237388807435, levelgen mode: deterministic

157 Auros the Cutter (level 5, -8/34 HPs)
             Began as a Halfling Warper on Jan 30, 2020.
             Shot with an arrow by a centaur (15 damage)
             ... on level 5 of the Dungeon on Jan 31, 2020.
             The game lasted 00:16:39 (1892 turns).

Auros the Cutter (Halfling Warper)                  Turns: 1892, Time: 00:16:39

Health: -8/34      AC:  4    Str: 13    XL:     5   Next: 66%
Magic:  4/7        EV: 14    Int: 11    God:
Gold:   96         SH:  0    Dex: 14    Spells: 0/7 levels left

rFire    . . .     SeeInvis .   a - +1 dagger (protect)
rCold    . . .     Gourm    +   (shield restricted)
rNeg     . . .     Faith    .   b - +0 leather armour
rPois    .         Spirit   .   (no helmet)
rElec    .         Reflect  .   i - +0 cloak {+Inv}
rCorr    .         Harm     .   (no gloves)
MR       .....                  (no boots)
Stlth    +.........             f - amulet of the gourmand (curse)
HPRegen  0.11/turn              (no ring)
MPRegen  0.10/turn              (no ring)

@: no status effects
A: small, blurry vision 1, mutation resistance 1
a: Evoke Invisibility


You were on level 5 of the Dungeon.
You were full.

You visited 1 branch of the dungeon, and saw 5 of its levels.

You collected 96 gold pieces.

Inventory:

Hand Weapons
 a - a +1 dagger of protection (weapon)
 d - a +0 short sword
 w - a +0 hunting sling
Missiles
 e - 3 boomerangs of dispersal (quivered)
 l - 12 arrows
 Z - 44 stones
Armour
 b - a +0 leather armour (worn)
 i - a +0 cloak of invisibility (worn)
Jewellery
 f - a cursed amulet of the gourmand (around neck)
Scrolls
 c - 2 scrolls of enchant weapon {unknown}
 g - a scroll of random uselessness {unknown}
 h - a scroll of immolation {unknown}
 j - a scroll of noise {unknown}
 k - a scroll of blinking
 m - a scroll of amnesia {unknown}
Comestibles
 z - 4 rations


   Skills:
 - Level 1.7 Fighting
 + Level 5.3 Short Blades
 + Level 2.6(2.9) Slings
 - Level 1.0(1.5) Throwing
 - Level 1.1 Armour
 - Level 2.1 Dodging
 - Level 1.5 Spellcasting
 - Level 3.2 Translocations
 + Level 2.0 Evocations


You couldn't memorise any spells.
You knew the following spells:

 Your Spells              Type           Power        Failure   Level  Hunger
a - Blink                 Tloc           N/A          16%         2    ###....
b - Shroud of Golubria    Chrm/Tloc      #.....       30%         2    ###....
c - Teleport Other        Tloc           #.......     30%         3    ####...

Your spell library contained the following spells:

 Spells                   Type           Power        Failure   Level  Hunger
 Gell's Gravitas          Tloc           #.........   30%         3    ####...
 Lesser Beckoning         Tloc           #.........   30%         3    ####...
 Passage of Golubria      Tloc           N/A          69%         4    #####..


Dungeon Overview and Level Annotations

Branches:
Dungeon (5/15)
 Temple: D:4-7

Altars:


Innate Abilities, Weirdness & Mutations

You are small and have problems with some larger weapons.
You are somewhat resistant to further mutation.
Scrolls take you a little longer to read.


Message History

The centaur shoots an arrow.
The arrow misses you.
The centaur shoots an arrow.
The arrow barely misses you.
The centaur shoots an arrow.
The arrow hits you!
* * * LOW HITPOINT WARNING * * *
You see here 3 arrows.
A sky beast comes into view.
There is an open door here.
You close the door.
Casting: Blink (safe; 16% risk of failure)
Confirm with . or Enter, or press ? or * to list all spells.
You blink.
A centaur opens the door.
The sky beast barely misses you.
The sky beast flickers out of sight!
Deactivating autopickup; reactivate with Ctrl-A.
The centaur shoots an arrow.
The arrow hits you!
* * * LOW HITPOINT WARNING * * *
The centaur shoots an arrow.
You see here an arrow.
The centaur shoots an arrow.
The arrow hits you!
You die...

+########............
c.......#............
..(.....#........... ##c#
###..........
##.(###..........#
#.c...#..........#
#.....#..........#
###...#....c..(.(##+##...
#...##....####.@.......
+.((('....# #.........
#....#....# #.........
#....#....# #......###
#....#>...# #......#
#....#....# #......#
######....# #......#
###### ########


You could see a centaur.

Vanquished Creatures
  Crazy Yiuf (D:2)
  An orc priest (D:3)
  2 worker ants
  2 adders
  A dart slug (D:1)
  3 orcs (D:3)
  A giant cockroach (D:2)
  4 goblins
  2 hobgoblins (D:2)
  4 jackals
  A quokka (D:3)
  2 bats
  2 frilled lizards (D:2)
  3 kobolds
29 creatures vanquished.

Notes
Turn   | Place    | Note
-------+----------+-------------------------------------------
     0 | D:1      | Auros the Halfling Warper began the quest for the Orb.
     0 | D:1      | Reached XP level 1. HP: 14/14 MP: 3/3
   135 | D:1      | Reached skill level 3 in Short Blades
   173 | D:2      | Found a runed translucent door.
   174 | D:2      | Noticed Crazy Yiuf
   193 | D:2      | Killed Crazy Yiuf
   193 | D:2      | Reached skill level 4 in Short Blades
   193 | D:2      | Reached XP level 2. HP: 2/19 MP: 4/4
   193 | D:2      | Reached XP level 3. HP: 2/24 MP: 5/5
   623 | D:2      | Reached XP level 4. HP: 17/29 MP: 6/6
  1001 | D:2      | Reached skill level 1 in Evocations
  1004 | D:2      | Reached skill level 1 in Slings
  1102 | D:3      | Reached skill level 5 in Short Blades
  1102 | D:3      | Reached XP level 5. HP: 34/34 MP: 4/7
  1132 | D:3      | Upgraded the game from 0.25-a0-446-g92cdcce to
                  | 0.25-a0-448-g1f46b9f
  1135 | D:3      | Learned a level 2 spell: Blink
  1138 | D:3      | Learned a level 2 spell: Shroud of Golubria
  1142 | D:3      | Learned a level 3 spell: Teleport Other
  1194 | D:5      | Entered Level 5 of the Dungeon
  1202 | D:5      | Noticed an ogre
  1232 | D:3      | Gained mutation: Scrolls take you a little longer to read.
                  | [mutagenic glow]
  1872 | D:5      | Noticed a centaur
  1882 | D:5      | Noticed a sky beast
  1892 | D:5      | Shot with an arrow by a centaur

Levels and vault maps discovered:
D:1:      eino_arrival_druids_welcome, layout_basic,
          chequers_serial_rivers_micro_d
D:2:      layout_basic, kennysheep_generic_room_4, uniq_crazy_yiuf_cottage
D:3:      layout_loops_corners, nemelex_xobeh_ov_fountains_minmay,
          chequers_ecumenical_altar_twisty
D:4:      layout_gridville, lemuel_coloured_pillars_altar,
          overflow_temple_1_default, chequers_serial_rivers_micro_d,
          kennysheep_decorative_pillar
D:5:      layout_gridville, old_standard_altar, enter_ossuary_4, first_ration

Skill      XL: |  1  2  3  4  5 |
---------------+----------------+-----
Short Blades   | 4 5 |  5.3
Evocations     | 1 2 |  2.0
Slings         | 1 2 |  2.6
Fighting       | |  1.7
Throwing       | |  1.0
Armour         | |  1.1
Dodging        | |  2.1
Spellcasting   | |  1.5
Translocations | |  3.2

Action                   |  1- 3 |  4- 6 || total
-------------------------+-------+-------++-------
Melee: Dagger            |    42 |   127 ||   169
       Short sword       |     1 |       ||     1
Throw: Boomerang         |     1 |     1 ||     2
 Cast: Blink             |       |     6 ||     6
 Abil: Evoke Invisibilit |     1 |     6 ||     7
 Stab: Invisible         |       |    10 ||    10
  Eat: Chunk             |     4 |    10 ||    14
Armor: Leather armour    |    17 |    29 ||    46
Dodge: Dodged            |    39 |   117 ||   156

Table legend:
 A = Non-vault XP
 B = Vault XP
 C = Vault XP percentage of total XP
 D = Non-vault monster count
 E = Vault monster count
 F = Vault count percentage of total count
                 A         B        C        D         E       F
            +---------+---------+-------+---------+---------+-------
      Total |     178 |      47 |  20.9 |      27 |       2 |   6.9
            +---------+---------+-------+---------+---------+-------
        D:1 |      22 |       0 |   0.0 |       6 |       0 |   0.0
        D:2 |      27 |      47 |  63.5 |       9 |       2 |  18.2
        D:3 |      61 |       0 |   0.0 |      10 |       0 |   0.0
        D:4 |      36 |       0 |   0.0 |       1 |       0 |   0.0
        D:5 |      32 |       0 |   0.0 |       1 |       0 |   0.0
            +---------+---------+-------+---------+---------+-------
